 Dungeon Crawl Stone Soup version 0.29.1-1-gd02db6906a (webtiles) character file.

Game seed: 8476558020003156296

106 concernfroge the Trooper (level 4, -2/39 HPs)
             Began as a Mummy Monk on Sept 18, 2022.
             Killed by divine providence
             ... invoked by an orc priest
              (16 damage)
             ... on level 3 of the Dungeon.
             The game lasted 00:03:14 (2318 turns).

concernfroge the Trooper (Mummy Monk)               Turns: 2318, Time: 00:03:15

Health: -2/39      AC: 10    Str: 16    XL:     4   Next: 55%
Magic:  4/4        EV: 10    Int:  9    God:
Gold:   159        SH:  0    Dex: 14    Spells: 3/3 levels left

rFire   x . .      SeeInvis .   f - +4 sling (vorpal)
rCold   + . .      Faith    .   (no shield)
rNeg    + + +      Spirit   .   b - +0 scale mail
rPois   ∞          Reflect  .   (no helmet)
rElec   .          Harm     .   g - +0 cloak of Ocirrom {+Blink}
rCorr   .          Rampage  .   (no gloves)
Will    .....                   j - +2 pair of boots
Stlth   ..........              (no amulet)
HPRegen 0.13/turn               (no ring)
MPRegen 0.09/turn               (no ring)

@: no status effects
A: cold resistance 1, negative energy resistance 3, torment resistance 2, heat
vulnerability 1, in touch with death 1, no potions
a: Evoke Blink


You were on level 3 of the Dungeon.
You visited 1 branch of the dungeon, and saw 3 of its levels.

You collected 159 gold pieces.

Inventory:

Hand Weapons
 a - a +0 spear
 f - a +4 vorpal sling (weapon)
Armour
 b - a +0 scale mail (worn)
 g - the +0 cloak of Ocirrom (worn) {+Blink}
   (You found it on level 3 of the Dungeon)

   +Blink:    It lets you blink.
 j - a +2 pair of boots (worn)
 k - a +0 helmet
Scrolls
 c - 2 scrolls of immolation
 d - a scroll of identify
 e - a scroll of silence
 h - a scroll of torment {unknown}
 i - a scroll of teleportation {unknown}


   Skills:
 + Level 5.4 Fighting
 - Level 2.4 Polearms
 - Level 2.4 Dodging
 - Level 1.5 Stealth


You had 3 spell levels left.
You didn't know any spells.
Your spell library contained the following spells:

 Spells                   Type           Power      Damage    Failure   Level
 Blink                    Tloc           0%         N/A       93%         2
 Conjure Flame            Conj/Fire      0%         6-21      99%         3
 Ignite Poison            Fire/Tmut/Pois 0%         N/A       99%         3
 Lesser Beckoning         Tloc           0%         N/A       99%         3
 Sticky Flame             Conj/Fire      0%         2d3       100%        4
 Manifold Assault         Tloc           0%         N/A       100%        5


Dungeon Overview and Level Annotations

Branches:
Dungeon (3/15)

Altars:

Shops:
D:2 :(


Innate Abilities, Weirdness & Mutations

You are immune to poison.
Your flesh is cold resistant. (rC+)
You are immune to negative energy. (rN+++)
You are immune to unholy pain and torment.
You are vulnerable to heat. (rF-)
You are in touch with the powers of death.
You do not drink.


Message History

You continue putting on the +0 cloak of Ocirrom {+Blink}. x4
You finish putting on the +0 cloak of Ocirrom {+Blink}.
You now have 143 gold pieces (gained 13).
You now have 159 gold pieces (gained 16).
You open the door.
Found a helmet.
Found a smoky blue potion.
An orc priest comes into view. It is wielding a +0 short sword.
The orc priest shouts!
You see here a +0 helmet.
k - a +0 helmet An orc priest comes into view.
It is wielding a +0 club.
An orc comes into view. It is wielding a +0 dagger.
The orc priest mumbles some strange prayers to Beogh against you.
Beogh smites you!
The orc priest shouts!
You hear a shout!
You shoot a sling bullet.
The sling bullet closely misses the orc priest.
The orc priest looks satisfied for a moment.
You shoot a sling bullet. The sling bullet hits the orc priest.
The orc priest is heavily wounded.
The orc priest looks braver for a moment.
You shoot a sling bullet.
The sling bullet barely misses the orc priest.
The orc priest miscasts a cantrip.
An orc priest comes into view. It is wielding a +0 club.
The orc priest invokes the aid of Beogh against you.
Beogh smites you!
The orc priest calls upon Beogh to heal the orc priest.
The orc priest is healed somewhat.
The orc priest shouts!
As you read the scroll labelled EVOALO OGEXZU, it crumbles to dust.
It is a scroll of identify.
c - 2 scrolls of immolation
As you read the scroll of identify, it crumbles to dust.
e - a scroll of silence The orc priest mumbles some strange prayers to Beogh against you.
Beogh smites you!
You die...

##########
#........##
#.........#
#.........#
###......†..#
+.'.........#
###.........#
#####........)# #
#.......@)....###.#
#.....o####+#.....#
#......# #.)####
#......# #).###
#......## #....# #
#.....o.#
##.#.####.#
#.......#
#.#.#....#
#..o....#
#.#......#
+..!.......#
#.#<.....#


You could see an orc priest.

Vanquished Creatures
  5 adders
  3 dart slugs (D:1)
  3 ball pythons (D:1)
  5 bats (D:1)
  4 endoplasms (D:1)
  5 giant cockroaches
  9 goblins
  4 hobgoblins
  5 jackals
  2 quokkas (D:1)
  4 rats
49 creatures vanquished.

Notes
Turn   | Place    | Note
-------+----------+-------------------------------------------
     0 | D:1      | concernfroge the Mummy Monk began the quest for the Orb.
     0 | D:1      | Reached XP level 1. HP: 18/18 MP: 1/1
   248 | D:1      | Reached XP level 2. HP: 6/24 MP: 2/2
   609 | D:1      | Found a faded altar of an unknown god.
   658 | D:1      | Reached skill level 4 in Fighting
   834 | D:1      | Gained mutation: You are in touch with the powers of death.
                  | [Mummy growth]
   834 | D:1      | Reached XP level 3. HP: 26/30 MP: 3/3
  1467 | D:2      | Found Ulebbi Enuo's Book Boutique.
  1813 | D:2      | Reached skill level 5 in Fighting
  1813 | D:2      | Reached XP level 4. HP: 39/39 MP: 4/4
  1933 | D:2      | Found Zunnud's Weapon Boutique.
  2271 | D:3      | Identified the +0 cloak of Ocirrom {+Blink}
  2318 | D:3      | Killed from afar by an orc priest

Illustrated notes

Levels and vault maps discovered:
D:1:      dpeg_arrival_ternary, layout_loops_ring,
          hellmonk_ecumenical_altar_dog_temple
D:2:      layout_basic, serial_shops, shop, nicolae_shop_hallway_stairs,
          kennysheep_minor_cross, minmay_close_crescents
D:3:      layout_basic, grunt_decor_arrowhead, st_stairs_2, uniq_natasha

Skill      XL: |  1  2  3 |
---------------+----------+-----
Fighting       | 4 5 |  5.4
Polearms       | |  2.4
Dodging        | |  2.4
Stealth        | |  1.5

Action                   |  1- 3 |  4- 6 || total
-------------------------+-------+-------++-------
Melee: Spear             |   153 |       ||   153
       Punch             |     2 |       ||     2
 Fire: Sling             |    15 |    25 ||    40
  Use: Scroll            |       |     2 ||     2
 Stab: Sleeping          |     4 |       ||     4
Armor: Robe              |     9 |       ||     9
       Ring mail         |    15 |       ||    15
       Scale mail        |    27 |     9 ||    36
Dodge: Dodged            |    84 |    19 ||   103
